TOP OF THE 1ST |
Utica Unicorns batting - Pitching for Allentown Hillbillies : RHP Claudio Segura
|
Pitching: RHP Claudio Segura
|
|
Batting: LHB Jesús Raugel
|
0-0: Ball 1-0: Ball 2-0: Foul Ball, location: 2F 2-1: Called Strike 2-2: Foul Ball, location: 2F 2-2: Ground out U3 (Groundball, 3L)
|
Batting: RHB Mitsuoki Taguchi
|
0-0: Ball 1-0: Ball 2-0: Swinging Strike 2-1: Foul Ball, location: 2F 2-2: Ground out 6-3 (Groundball, 6)
|
Batting: RHB Gerald Burnett
|
0-0: Called Strike 0-1: Called Strike 0-2: Strikes out looking
|
Top of the 1st over - 0 run(s), 0 hit(s), 0 error(s), 0 left on base; Utica 0 - Allentown 0 |
BOTTOM OF THE 1ST |
Allentown Hillbillies batting - Pitching for Utica Unicorns : LHP Miguel Galván
|
Pitching: LHP Miguel Galván
|
|
Batting: LHB António Salazar
|
0-0: Fly out, F7 (Flyball, 7S)
|
Batting: RHB Millard Stark
|
0-0: Called Strike 0-1: Ball 1-1: Ball 2-1: Swinging Strike 2-2: Strikes out looking
|
Batting: RHB Carl Brown
|
0-0: Ball 1-0: Ball 2-0: Called Strike 2-1: Ball 3-1: Base on Balls
|
Batting: RHB Albert Lutz
|
0-0: Ball 1-0: Ball 2-0: Ball 3-0: Called Strike 3-1: Swinging Strike 3-2: Foul Ball, location: 2F 3-2: DOUBLE (Line Drive, 89D) Carl Brown to third Carl Brown scores
|
Batting: RHB Dan Banks
|
0-0: Ball 1-0: Ball 2-0: Called Strike 2-1: Foul Ball, location: 2F 2-2: SINGLE (Groundball, 4MD) Albert Lutz to third Runner from 3rd tries for Home, SAFE, no throw
|
Batting: LHB Rafael Flores
|
0-0: Swinging Strike 0-1: Ball 1-1: Called Strike 1-2: Foul Ball, location: 2F 1-2: Ball 2-2: Strikes out swinging
|
Bottom of the 1st over - 2 run(s), 2 hit(s), 0 error(s), 1 left on base; Utica 0 - Allentown 2 |
TOP OF THE 2ND |
Utica Unicorns batting - Pitching for Allentown Hillbillies : RHP Claudio Segura
|
Batting: RHB Danny Crouch
|
0-0: Called Strike 0-1: Ball 1-1: Ball 2-1: Foul Ball, location: 2F 2-2: Strikes out swinging
|
Batting: LHB Mitchell Oglethorpe
|
0-0: Called Strike 0-1: Foul Ball, location: 2F 0-2: Fly out, F9 (Flyball, 9LS)
|
Batting: RHB José Velázquez
|
0-0: Fly out, F7 (Flyball, 78D)
|
Top of the 2nd over - 0 run(s), 0 hit(s), 0 error(s), 0 left on base; Utica 0 - Allentown 2 |
BOTTOM OF THE 2ND |
Allentown Hillbillies batting - Pitching for Utica Unicorns : LHP Miguel Galván
|
Batting: RHB António Yánez
|
0-0: Ball 1-0: Fly out, F8 (Line Drive, 8RM)
|
Batting: LHB John Hudson
|
0-0: Called Strike 0-1: Ball 1-1: Ball 2-1: Ball 3-1: Foul Ball, location: 2F 3-2: Strikes out swinging, 2-3 out at first.
|
Batting: RHB Von Ford
|
0-0: Foul Ball, location: 2F 0-1: Ball 1-1: Ground out 6-3 (Groundball, 6)
|
Bottom of the 2nd over - 0 run(s), 0 hit(s), 0 error(s), 0 left on base; Utica 0 - Allentown 2 |
TOP OF THE 3RD |
Utica Unicorns batting - Pitching for Allentown Hillbillies : RHP Claudio Segura
|
Batting: LHB Bill Hall
|
0-0: Foul Ball, location: 2F 0-1: DOUBLE (Line Drive, 8RD)
|
Batting: RHB Héctor Jiménez
|
0-0: Ball 1-0: DOUBLE (Groundball, 5L) Bill Hall scores
|
Batting: LHB José Román
|
0-0: Ball 1-0: Called Strike 1-1: Ball 2-1: SINGLE (Line Drive, 78S) Héctor Jiménez to third
|
Batting: LHB Jesús Raugel
|
0-0: Grounds into double play, 4-6-3 (Groundball, 4) Héctor Jiménez scores
|
Batting: RHB Mitsuoki Taguchi
|
0-0: Ball 1-0: Foul Ball, location: 2F 1-1: Called Strike 1-2: Ball 2-2: Foul Ball, location: 2F 2-2: SINGLE (Line Drive, 8LS)
|
Batting: RHB Gerald Burnett
|
0-0: Ball 1-0: Swinging Strike 1-1: Ball 2-1: Fly out, F9 (Flyball, 89M)
|
Top of the 3rd over - 2 run(s), 4 hit(s), 0 error(s), 1 left on base; Utica 2 - Allentown 2 |
BOTTOM OF THE 3RD |
Allentown Hillbillies batting - Pitching for Utica Unicorns : LHP Miguel Galván
|
Batting: LHB António Salazar
|
0-0: Ball 1-0: Bunt for hit - play at first, batter OUT! 5-3
|
Batting: RHB Millard Stark
|
0-0: Called Strike 0-1: Foul Ball, location: 2F 0-2: Foul Ball, location: 2F 0-2: Ball 1-2: Foul Ball, location: 2F 1-2: Ball 2-2: Foul Ball, location: 2F 2-2: Ball 3-2: SINGLE (Flyball, 8RS)
|
Batting: RHB Carl Brown
|
0-0: Foul Ball, location: 2F 0-1: Ball 1-1: Ball 2-1: Foul Ball, location: 2F 2-2: Ball 3-2: Grounds into double play, 6-4-3 (Groundball, 6)
|
Bottom of the 3rd over - 0 run(s), 1 hit(s), 0 error(s), 0 left on base; Utica 2 - Allentown 2 |
TOP OF THE 4TH |
Utica Unicorns batting - Pitching for Allentown Hillbillies : RHP Claudio Segura
|
Batting: RHB Danny Crouch
|
0-0: Ball 1-0: Foul Ball, location: 2F 1-1: Ground out 6-3 (Groundball, 6)
|
Batting: LHB Mitchell Oglethorpe
|
0-0: Ball 1-0: Fly out, F7 (Flyball, 7LS)
|
Batting: RHB José Velázquez
|
0-0: Swinging Strike 0-1: Foul Ball, location: 2F 0-2: Ball 1-2: Ground out 5-3 (Groundball, 5)
|
Top of the 4th over - 0 run(s), 0 hit(s), 0 error(s), 0 left on base; Utica 2 - Allentown 2 |
BOTTOM OF THE 4TH |
Allentown Hillbillies batting - Pitching for Utica Unicorns : LHP Miguel Galván
|
Batting: RHB Albert Lutz
|
0-0: Called Strike 0-1: Ball 1-1: Ground out 1-3 (Groundball, P)
|
Batting: RHB Dan Banks
|
0-0: Called Strike 0-1: Ball 1-1: Ball 2-1: Swinging Strike 2-2: Ground out 6-3 (Groundball, 6M)
|
Batting: LHB Rafael Flores
|
0-0: SOLO HOME RUN (Flyball, 7LD), Distance : 369 ft
|
Batting: RHB António Yánez
|
0-0: Ball 1-0: Called Strike 1-1: Ball 2-1: Ball 3-1: Called Strike 3-2: Base on Balls
|
Batting: LHB John Hudson
|
0-0: Called Strike 0-1: Ball 1-1: Swinging Strike 1-2: Strikes out swinging
|
Bottom of the 4th over - 1 run(s), 1 hit(s), 0 error(s), 1 left on base; Utica 2 - Allentown 3 |
TOP OF THE 5TH |
Utica Unicorns batting - Pitching for Allentown Hillbillies : RHP Claudio Segura
|
Batting: LHB Bill Hall
|
0-0: Called Strike 0-1: Ball 1-1: Ball 2-1: Foul Ball, location: 2F 2-2: Ball 3-2: Fly out, F4 (Popup, 34)
|
Batting: RHB Héctor Jiménez
|
0-0: Foul Ball, location: 2F 0-1: Foul Ball, location: 2F 0-2: Ball 1-2: Ball 2-2: SINGLE (Groundball, 56D)
|
Batting: LHB José Román
|
0-0: Called Strike Héctor Jiménez steals 2nd base 0-1: Ball 1-1: Ball 2-1: Ball 3-1: Foul Ball, location: 2F 3-2: Strikes out swinging
|
Batting: LHB Jesús Raugel
|
0-0: Ball 1-0: Ball 2-0: Swinging Strike Balk! Héctor Jiménez to third 2-1: Ground out U3 (Groundball, 3L)
|
Top of the 5th over - 0 run(s), 1 hit(s), 0 error(s), 1 left on base; Utica 2 - Allentown 3 |
BOTTOM OF THE 5TH |
Allentown Hillbillies batting - Pitching for Utica Unicorns : LHP Miguel Galván
|
Batting: RHB Von Ford
|
0-0: Ball 1-0: SINGLE (Flyball, 8RS)
|
Batting: LHB António Salazar
|
0-0: Called Strike 0-1: Ball 1-1: Ball 2-1: Ball 3-1: Foul Ball, location: 2F 3-2: Foul Ball, location: 2F 3-2: Foul Ball, location: 2F 3-2: Base on Balls Von Ford to second
|
Batting: RHB Millard Stark
|
0-0: Called Strike 0-1: Foul Ball, location: 2F 0-2: Foul Ball, location: 2F 0-2: Ball 1-2: Ball 2-2: Strikes out swinging
|
Batting: RHB Carl Brown
|
0-0: Ball 1-0: Ball 2-0: Ball 3-0: Base on Balls Von Ford to third António Salazar to second
|
Batting: RHB Albert Lutz
|
0-0: Ball 1-0: Foul Ball, location: 2F 1-1: Called Strike 1-2: Strikes out swinging
|
Pitching: RHP Wayne Sawyer
|
|
Batting: RHB Dan Banks
|
0-0: Reached on error, E5 (Groundball, 56) Von Ford scores António Salazar to third Carl Brown to second
|
Batting: LHB Rafael Flores
|
0-0: Called Strike 0-1: Swinging Strike 0-2: Fly out, F6 (Line Drive, 56)
|
Bottom of the 5th over - 1 run(s), 1 hit(s), 1 error(s), 3 left on base; Utica 2 - Allentown 4 |
TOP OF THE 6TH |
Utica Unicorns batting - Pitching for Allentown Hillbillies : RHP Claudio Segura
|
Batting: RHB Mitsuoki Taguchi
|
0-0: Called Strike 0-1: Ground out 5-3 (Groundball, 56)
|
Batting: RHB Gerald Burnett
|
0-0: Ground out 4-3 (Groundball, 4)
|
Batting: RHB Danny Crouch
|
0-0: Called Strike 0-1: Swinging Strike 0-2: Strikes out looking
|
Top of the 6th over - 0 run(s), 0 hit(s), 0 error(s), 0 left on base; Utica 2 - Allentown 4 |
BOTTOM OF THE 6TH |
Allentown Hillbillies batting - Pitching for Utica Unicorns : RHP Wayne Sawyer
|
Batting: RHB António Yánez
|
0-0: Foul Ball, location: 2F 0-1: Ground out 6-3 (Groundball, 6MS)
|
Batting: LHB John Hudson
|
0-0: Foul Ball, location: 2F 0-1: Ball 1-1: Ball 2-1: Called Strike 2-2: Foul Ball, location: 2F 2-2: Foul Ball, location: 2F 2-2: Ball 3-2: Base on Balls
|
Batting: RHB Von Ford
|
0-0: Called Strike 0-1: Ball 1-1: Called Strike 1-2: Ball 2-2: Ball 3-2: Base on Balls John Hudson to second
|
Batting: LHB António Salazar
|
0-0: Called Strike 0-1: Called Strike 0-2: Ball 1-2: Strikes out looking
|
Batting: RHB Millard Stark
|
0-0: Called Strike 0-1: Ball 1-1: SINGLE (Line Drive, 56D) John Hudson to third Von Ford to second Runner from 3rd tries for Home, SAFE, no throw
|
Batting: RHB Carl Brown
|
0-0: SINGLE (Groundball, 56D) Von Ford to third Millard Stark to second Runner from 3rd tries for Home, SAFE, throw made home Millard Stark to third Carl Brown to second
|
Batting: RHB Albert Lutz
|
0-0: Ball 1-0: Fly out, F9 (Flyball, 9)
|
Bottom of the 6th over - 2 run(s), 2 hit(s), 0 error(s), 2 left on base; Utica 2 - Allentown 6 |
TOP OF THE 7TH |
Utica Unicorns batting - Pitching for Allentown Hillbillies : RHP Claudio Segura
|
Batting: LHB Mitchell Oglethorpe
|
0-0: Foul Ball, location: 2F 0-1: Ball 1-1: Ball 2-1: Ball 3-1: Hit by Pitch
|
Pitching: LHP Nick Merrit
|
|
Batting: RHB José Velázquez
|
0-0: Ball 1-0: Called Strike 1-1: Ball 2-1: Fly out, F9 (Flyball, 9S)
|
Batting: LHB Bill Hall
|
0-0: Ball 1-0: Fly out, F2 (Popup, 25)
|
Batting: RHB Héctor Jiménez
|
0-0: Ball 1-0: Foul Ball, location: 2F 1-1: Ball 2-1: Ball 3-1: Foul Ball, location: 2F 3-2: Base on Balls Mitchell Oglethorpe to second
|
Batting: LHB José Román
|
0-0: Called Strike 0-1: Called Strike 0-2: Ball 1-2: Fly out, F4 (Line Drive, 4)
|
Top of the 7th over - 0 run(s), 0 hit(s), 0 error(s), 2 left on base; Utica 2 - Allentown 6 |
BOTTOM OF THE 7TH |
Allentown Hillbillies batting - Pitching for Utica Unicorns : RHP Wayne Sawyer
|
Batting: RHB Dan Banks
|
0-0: Ball 1-0: Ball 2-0: Foul Ball, location: 2F 2-1: Ball 3-1: Called Strike 3-2: Base on Balls
|
Batting: LHB Rafael Flores
|
0-0: Ball 1-0: Ball 2-0: Reached on error, E1 (Groundball, 15) Dan Banks to third
|
Batting: RHB António Yánez
|
0-0: Foul Ball, location: 2F 0-1: Fly out, F3 (Line Drive, 34)
|
Batting: LHB John Hudson
|
0-0: Intentional Walk
|
Batting: RHB Von Ford
|
0-0: DOUBLE (Line Drive, 8LD) Dan Banks scores Rafael Flores scores John Hudson to third
|
Pitching: LHP Alberto Martínez
|
|
Batting: LHB António Salazar
|
0-0: Called Strike 0-1: Swinging Strike 0-2: Ball 1-2: SINGLE (Line Drive, 56) John Hudson scores Von Ford to third Runner from 3rd tries for Home, SAFE, no throw
|
Batting: RHB Millard Stark
|
0-0: Ball 1-0: Ball 2-0: Ball 3-0: Foul Ball, location: 2F 3-1: Base on Balls António Salazar to second
|
Batting: RHB Carl Brown
|
0-0: Swinging Strike 0-1: Ball 1-1: Ball 2-1: Called Strike Millard Stark is caught stealing 2nd base 2-2: Strikes out swinging
|
Bottom of the 7th over - 4 run(s), 2 hit(s), 1 error(s), 1 left on base; Utica 2 - Allentown 10 |
TOP OF THE 8TH |
Utica Unicorns batting - Pitching for Allentown Hillbillies : LHP Nick Merrit
|
Batting: LHB Jesús Raugel
|
0-0: Called Strike 0-1: Swinging Strike 0-2: Ball 1-2: Strikes out swinging
|
Batting: RHB Mitsuoki Taguchi
|
0-0: Ground out 4-3 (Groundball, 4)
|
Batting: RHB Gerald Burnett
|
0-0: Foul Ball, location: 2F 0-1: Ball 1-1: Swinging Strike 1-2: Foul Ball, location: 2F 1-2: Foul Ball, location: 2F 1-2: Foul Ball, location: 2F 1-2: Ball 2-2: Ball 3-2: Ground out 6-3 (Groundball, 6S)
|
Top of the 8th over - 0 run(s), 0 hit(s), 0 error(s), 0 left on base; Utica 2 - Allentown 10 |
BOTTOM OF THE 8TH |
Allentown Hillbillies batting - Pitching for Utica Unicorns : LHP Alberto Martínez
|
Batting: RHB Albert Lutz
|
0-0: Ball 1-0: Swinging Strike 1-1: Called Strike 1-2: Foul Ball, location: 2F 1-2: Strikes out looking
|
Pinch Hitting: RHB Diego Rivera
|
0-0: Reached on error, E6 (Groundball, 6)
|
Batting: LHB Rafael Flores
|
0-0: Called Strike 0-1: Foul Ball, location: 2F 0-2: Strikes out swinging
|
Batting: RHB António Yánez
|
0-0: Foul Ball, location: 2F 0-1: Swinging Strike 0-2: SINGLE (Groundball, 4MD) Diego Rivera to third Runner from 3rd tries for Home, SAFE, no throw
|
Batting: LHB John Hudson
|
0-0: Called Strike 0-1: Fielders Choice at 2nd, 4-6 (Groundball, 4)
|
Bottom of the 8th over - 1 run(s), 1 hit(s), 1 error(s), 0 left on base; Utica 2 - Allentown 11 |
TOP OF THE 9TH |
Utica Unicorns batting - Pitching for Allentown Hillbillies : LHP Nick Merrit
|
Pitching: LHP Alejandro Castillo
|
|
Now in LF: Diego Rivera
|
|
Batting: RHB Danny Crouch
|
0-0: Ball 1-0: Foul Ball, location: 2F 1-1: Foul Ball, location: 2F 1-2: Strikes out swinging
|
Batting: LHB Mitchell Oglethorpe
|
0-0: Called Strike 0-1: Ball 1-1: Foul Ball, location: 2F 1-2: Ball 2-2: Foul Ball, location: 2F 2-2: Ball 3-2: Fly out, F9 (Flyball, 9)
|
Batting: RHB José Velázquez
|
0-0: Ball 1-0: Called Strike 1-1: Foul Ball, location: 2F 1-2: Ball 2-2: Foul Ball, location: 2F 2-2: Strikes out looking
|
Top of the 9th over - 0 run(s), 0 hit(s), 0 error(s), 0 left on base; Utica 2 - Allentown 11 |
|